 Dungeon Crawl Stone Soup version 0.21-a0-504-g2eda330 (webtiles) character file.

2600 mortelune the Basher (level 9, -5/58 HPs)
             Began as a Gargoyle Fighter on Nov 25, 2017.
             Was a Follower of Makhleb.
             Slain by an orc warrior
             ... wielding a +0 flail
              (11 damage)
             ... on level 7 of the Dungeon.
             The game lasted 00:26:10 (8329 turns).

mortelune the Basher (Gargoyle Fighter)             Turns: 8329, Time: 00:26:11

Health: -5/58      AC: 20    Str: 22    XL:     9   Next: 59%
Magic:  9/9        EV:  6    Int: 12    God:    Makhleb [*.....]
Gold:   410        SH:  9    Dex:  9    Spells: 8/8 levels left

rFire    . . .     SeeInvis .   a - +0 flail
rCold    . . .     Gourm    .   c - +0 shield
rNeg     + + .     Faith    .   n - +0 chain mail
rPois    ∞         Spirit   .   o - +2 hat
rElec    +         Reflect  .   d - +0 cloak
rCorr    .         Harm     .   (no gloves)
MR       .....                  (no boots)
Stlth    ..........             (no amulet)
HPRegen  0.19/turn              r - ring of positive energy
MPRegen  0.11/turn              (no ring)

@: hasted, very quick
A: camouflage 1, clever 1, negative energy resistance 1, electricity resistance,
wild magic 1, unbreathing, petrification resistance, rot immunity, sturdy frame
1, AC +6
a: Renounce Religion


You were on level 7 of the Dungeon.
You worshipped Makhleb.
Makhleb was aware of your devotion.
You were not hungry.

You visited 2 branches of the dungeon, and saw 9 of its levels.
You also visited: Ossuary.

You collected 510 gold pieces.
You spent 100 gold pieces at shops.

Inventory:

Hand Weapons
 a - a +0 flail (weapon)
 v - a +0 hunting sling
Armour
 b - a +0 scale mail
 c - a +0 shield (worn)
 d - a +0 cloak (worn)
 n - a +0 chain mail (worn)
 o - a +2 hat (worn)
Jewellery
 r - a ring of positive energy (left hand)
Wands
 l - a wand of random effects (11)
 p - a wand of iceblast (18)
 t - a wand of enslavement (9)
 x - a wand of flame (23)
 z - a wand of polymorph (17)
Scrolls
 e - 4 scrolls of teleportation
 h - 3 scrolls of amnesia
 i - 6 scrolls of remove curse
 s - a scroll of blinking
 y - a scroll of random uselessness {unknown}
 C - a scroll of immolation {unknown}
 H - a scroll of brand weapon {unknown}
Potions
 j - 2 potions of magic
 k - a potion of resistance
 q - a potion of degeneration
 u - 3 potions of flight
 w - a potion of lignification
 B - a potion of invisibility
 E - 4 potions of curing
 F - a potion of berserk rage
 G - a potion of agility
Books
 I - a book of Maledictions

   Spells                             Type                      Level
   a - Corona                         Hexes                        1
   b - Ensorcelled Hibernation        Hexes/Ice                    2
   c - Confuse                        Hexes                        3
   d - Tukima's Dance                 Hexes                        3
   e - Dazzling Spray                 Conjuration/Hexes            3
Comestibles
 f - 5 bread rations
 g - a royal jelly


   Skills:
 + Level 7.7 Fighting
 * Level 9.3 Maces & Flails
 + Level 7.7 Armour
 - Level 3.2 Shields


You had 8 spell levels left.
You didn't know any spells.

Dungeon Overview and Level Annotations

Branches:
Dungeon (8/15)             Temple (1/1) D:4
   Lair: D:8-11

Altars:
Cheibriados
Dithmenos
Elyvilon
Fedhas
Gozag
Hepliaklqana
Kikubaaqudgha
Makhleb
Nemelex Xobeh
Okawaru
Ru
Sif Muna
Trog
Uskayaw
Vehumet
Wu Jian
Xom
Yredelemnul
Zin
The Shining One

Shops:
D:8 !

Annotations:
D:7 1 runed door


Innate Abilities, Weirdness & Mutations

You are resistant to torment.
Your stone body is resilient. (AC +6)
You are immune to poison.
You resist negative energy. (rN+)
You are resistant to electric shocks. (rElec)
You can survive without breathing.
You are immune to petrification.
You are immune to rotting.
Your skin changes colour to match your surroundings (Stealth+).
Your mind is acute. (Int +2)
Your spells are a little harder to cast, but a little more powerful.
Your movements are slightly less encumbered by armour. (ER -2)


Message History

The orc warrior is almost dead.
You block the orc warrior's attack. You block the orc wizard's attack.
You hit the orc warrior but do no damage.
The orc warrior is almost dead.
The orc warrior hits you with a flail.
The orc priest mumbles some strange prayers to Beogh against you.
Beogh smites you!
* * * LOW HITPOINT WARNING * * *
The orc wizard hits you but does no damage.
You closely miss the orc warrior.
The orc warrior is almost dead.
You block the orc warrior's attack. You block the orc wizard's attack.
Your shield and chain mail prevent you from hitting the orc warrior.
The orc warrior is almost dead.
The orc warrior hits you with a flail!
* * * LOW HITPOINT WARNING * * *
The orc wizard mumbles some strange words.
The orc wizard blinks!
You feel yourself speed up. The orc warrior hits you with a flail!
You die...

#.............).... #
#.o.<..####.###.... ..
#......# #........ ..o
........#######.....
(.o..##.#...............
.%..o##.#######.#######.
..o....o..........## ##
#o##..#####..#####
#@#...............
#...##########....
#..###### #####
#.......# #### #.#####.#
#... #<# #... #.# ##...
#.# #.... #.# #....


You could see an orc warrior, an orc priest and an orc wizard.

Vanquished Creatures
  The ghost of Goblin1989 the Insei, a novice OpTm (D:5)
  Grinder (D:6)
  A hungry ghost (D:5)
  Edmund (D:6)
  Duvessa (D:5)
  An ice beast (D:6)
  An ogre (D:8)
  3 sky beasts
  A centaur (D:6)
  A big kobold (D:5)
  Blork the orc (D:5)
  A scorpion (D:4)
  4 killer bees
  2 hounds
  A centaur skeleton (D:5)
  A jelly (D:7)
  An orc priest (D:7)
  5 orc wizards
  An iguana (D:5)
  A bullfrog skeleton (D:6)
  6 worker ants
  9 mummies
  11 adders
  10 gnolls
  2 adder zombies
  An ooze (D:2)
  7 worms
  4 leopard geckos
  14 orcs
  A ball python (D:4)
  2 giant cockroaches
  A gnoll zombie (Ossuary)
  3 goblins
  8 hobgoblins
  3 quokkas (D:3)
  5 bats
  6 frilled lizards
  2 hobgoblin zombies (Ossuary)
  7 kobolds
  A kobold zombie (Ossuary)
  4 orc zombies (Ossuary)
  5 rats
142 creatures vanquished.

Notes
Turn   | Place    | Note
-------+----------+-------------------------------------------
     0 | D:1      | mortelune the Gargoyle Fighter began the quest for the Orb.
     0 | D:1      | Reached XP level 1. HP: 14/14 MP: 1/1
   201 | D:1      | Reached XP level 2. HP: 12/19 MP: 2/2
   799 | D:2      | Reached XP level 3. HP: 17/23 MP: 3/3
   948 | D:2      | Reached skill level 3 in Maces & Flails
  1066 | D:2      | Reached XP level 4. HP: 29/29 MP: 4/4
  1401 | D:3      | Reached XP level 5. HP: 33/33 MP: 5/5
  1551 | D:3      | Reached skill level 4 in Maces & Flails
  1967 | D:3      | Reached XP level 6. HP: 39/39 MP: 6/6
  2155 | D:3      | Found a snail-covered altar of Cheibriados.
  2297 | D:3      | Found a hazy altar of Hepliaklqana.
  2468 | D:4      | Found a staircase to the Ecumenical Temple.
  2481 | Temple   | Entered the Ecumenical Temple
  2656 | Temple   | Became a worshipper of Makhleb the Destroyer
  3193 | D:4      | Reached skill level 5 in Maces & Flails
  3686 | D:4      | Found a bloodstained altar of Trog.
  3688 | D:4      | Reached skill level 5 in Armour
  3751 | D:4      | Reached skill level 5 in Fighting
  3778 | D:4      | Reached XP level 7. HP: 44/44 MP: 7/7
  3788 | D:4      | Found a blossoming altar of Fedhas.
  4163 | D:3      | Found a shimmering altar of Xom.
  4187 | D:5      | Entered Level 5 of the Dungeon
  4261 | D:5      | Noticed Blork the orc
  4488 | D:5      | Killed Blork the orc
  4560 | D:5      | Reached skill level 6 in Maces & Flails
  4564 | D:5      | Gained mutation: You are occasionally teleported next to monsters. [mutagenic meat]
  4565 | D:5      | Gained mutation: Your magical capacity is low. (-10% MP) [mutagenic meat]
  4566 | D:5      | Gained mutation: Potions are less effective at restoring your health. [mutagenic meat]
  4567 | D:5      | Lost mutation: Potions are less effective at restoring your health. [potion of mutation]
  4567 | D:5      | Lost mutation: You are occasionally teleported next to monsters. [potion of mutation]
  4567 | D:5      | Lost mutation: Your magical capacity is low. (-10% MP) [potion of mutation]
  4567 | D:5      | Gained mutation: Your skin changes colour to match your surroundings (Stealth+). [potion of mutation]
  4567 | D:5      | Gained mutation: Your spells are a little harder to cast, but a little more powerful. [potion of mutation]
  4567 | D:5      | Gained mutation: Your movements are slightly less encumbered by armour. (ER -2) [potion of mutation]
  4567 | D:5      | Gained mutation: Your mind is acute. (Int +2) [potion of mutation]
  4739 | D:5      | Noticed a hungry ghost
  4740 | D:5      | Noticed Goblin1989's ghost (novice OpTm)
  4842 | D:5      | Killed Goblin1989's ghost
  4842 | D:5      | Reached XP level 8. HP: 32/51 MP: 8/8
  4853 | D:5      | Reached skill level 7 in Maces & Flails
  4999 | D:5      | Noticed Duvessa
  5017 | D:5      | Killed Duvessa
  6008 | D:6      | Noticed Edmund
  6013 | D:6      | Noticed Grinder
  6044 | D:6      | Killed Edmund
  6059 | D:6      | Paralysed by Grinder for 7 turns
  6070 | D:6      | Killed Grinder
  6070 | D:6      | Reached skill level 8 in Maces & Flails
  6415 | D:6      | Reached XP level 9. HP: 44/56 MP: 9/9
  6940 | D:7      | Reached * piety under Makhleb
  7015 | D:7      | Found a sand-covered staircase.
  7026 | D:7      | You fall through a shaft!
  7048 | D:8      | Found Iqot's Distillery.
  7061 | D:8      | Bought a potion of haste for 100 gold pieces
  7109 | D:8      | Noticed a two-headed ogre
  7480 | Ossuary  | Entered an ossuary
  7548 | Ossuary  | Reached skill level 9 in Maces & Flails
  7757 | D:7      | Found a runed door.
  8329 | D:7      | Slain by an orc warrior

Vault maps used:
D:1:      kennysheep_arrival_forest
D:3:      nicolae_overflow_hidden_temple, overflow_temple_1_default,
          old_standard_altar
D:4:      marbit_many_paths, minmay_temple_entry_statues_pillars, first_bread,
          fedhas_altar_3
D:5:      uniq_duvessa, uniq_blork_the_orc
D:6:      uniq_edmund, uniq_grinder
D:7:      kennysheep_mini_moat, gup_ossuary_entry_pyramid,
          uniq_crazy_yiuf_cottage
D:8:      evilmike_ruin_ashenzari, serial_shops,
          nicolae_shop_competitors_out_of_business, nicolae_shop_stone,
          nemelex_xobeh_ov_fountains_minmay
Temple:   eino_temple_scatter_basement
Ossuary:  ossuary_tomb_3

Skill      XL: |  1  2  3  4  5  6  7  8  9 |
---------------+----------------------------+-----
Maces & Flails | 3 4 5 6 8 9 |  9.3
Armour         | 4 5 6 7 |  7.7
Fighting       | 4 5 6 7 |  7.7
Shields        | |  3.2

Action                   |  1- 3 |  4- 6 |  7- 9 || total
-------------------------+-------+-------+-------++-------
Melee: Flail             |   113 |   268 |   539 ||   920
Evoke: Wand              |       |       |     1 ||     1
  Use: Scroll            |     2 |     2 |    15 ||    19
       Potion            |       |       |     8 ||     8
  Eat: Chunk             |     1 |     4 |     4 ||     9
       Meat ration       |       |     1 |     4 ||     5
Armor: Scale mail        |    51 |       |       ||    51
       Chain mail        |    28 |   153 |   398 ||   579
Dodge: Dodged            |    40 |    59 |   155 ||   254
Block: Shield            |    68 |   145 |   308 ||   521

Table legend:
 A = Spawn XP
 B = Non-spawn XP
 C = Spawn XP percentage of total XP
 D = Spawn monster count
 E = Non-spawn monster count
 F = Spawn count percentage of total count
 G = Total turns spent on level
                    A         B        C        D         E        F      G
               +---------+---------+-------+---------+---------+-------+---------
         Total |       0 |    3715 |   0.0 |       0 |     142 |   0.0 |  8329
               +---------+---------+-------+---------+---------+-------+---------
           D:1 |       0 |      15 |   0.0 |       0 |       8 |   0.0 |   612
           D:2 |       0 |     134 |   0.0 |       0 |      23 |   0.0 |   763
           D:3 |       0 |     245 |   0.0 |       0 |      28 |   0.0 |  1379
           D:4 |       0 |     241 |   0.0 |       0 |      18 |   0.0 |  1239
           D:5 |       0 |    1197 |   0.0 |       0 |      18 |   0.0 |  1760
           D:6 |       0 |    1150 |   0.0 |       0 |      15 |   0.0 |  1430
           D:7 |       0 |     416 |   0.0 |       0 |      14 |   0.0 |   569
           D:8 |       0 |     161 |   0.0 |       0 |       2 |   0.0 |   136
       Ossuary |       0 |     156 |   0.0 |       0 |      16 |   0.0 |   247
               +---------+---------+-------+---------+---------+-------+---------
